 Dungeon Crawl Stone Soup version 0.31-a0-167-g1c394c0614 (webtiles) character file.

Game seed: 13652367504825424570

574 7w4c the Chopper (level 7, -2/60 HPs)
             Began as a Hill Orc Fighter on June 14, 2023.
             Was a Follower of Yredelemnul.
             Slain by an iguana (11 damage)
             ... on level 5 of the Dungeon.
             The game lasted 00:23:42 (4894 turns).

7w4c the Chopper (Hill Orc Fighter)                 Turns: 4894, Time: 00:23:43

Health: -2/60      AC:  9    Str: 21    XL:     7   Next: 35%
Magic:  7/7        EV: 10    Int:  8    God:    Yredelemnul [*.....]
Gold:   142        SH:  4    Dex: 10    Spells: 6/6 levels left

rFire   . . .        a - +0 war axe
rCold   . . .        c - +0 buckler
rNeg    . . .        b - +0 scale mail
rPois   .            f - +0 helmet
rElec   .            (no cloak)
rCorr   .            o - +0 pair of gloves
SInv    .            (no boots)
Will    .....        e - amulet of regeneration Stlth
                     (no ring)
HPRegen 1.10/turn    (no ring)
MPRegen 0.10/turn

%: no passive effects
@: lethally poisoned (-2 -> -2)
A: no striking features
a: Renounce Religion, Convert to Beogh, Recall Undead Harvest


You were on level 5 of the Dungeon.
You worshipped Yredelemnul.
Yredelemnul was noncommittal.
You visited 2 branches of the dungeon, and saw 6 of its levels.

You collected 142 gold pieces.

Inventory:

Hand Weapons
 a - a +0 war axe (weapon)
 l - a +0 sling
Missiles
 q - a throwing net
Armour
 b - a +0 scale mail (worn)
 c - a +0 buckler (worn)
 f - a +0 helmet (worn)
 o - a +0 pair of gloves (worn)
Magical Staves
 s - a staff of air
Jewellery
 e - an amulet of regeneration (around neck)
Scrolls
 h - a scroll of enchant armour {unknown}
 i - a scroll of revelation {unknown}
 j - a scroll of enchant weapon {unknown}
 k - a scroll of identify {unknown}
 n - a scroll of poison
 p - a scroll of silence {unknown}
 r - a scroll of immolation
Potions
 d - a potion of brilliance {unknown}
 g - 3 potions of magic
 m - a potion of curing {unknown}


   Skills:
 + Level 4.9 Fighting
 + Level 7.1 Axes
 + Level 4.9 Armour
 + Level 1.5 Dodging
 + Level 1.1 Stealth
 + Level 4.2 Shields


You had 6 spell levels left.
You didn't know any spells.
Your spell library contained the following spells:

 Spells                   Type           Power      Damage    Failure   Level
 Apportation              Tloc           0%         N/A       80%         1
 Necrotise                Necr           0%         1d4       80%         1
 Summon Small Mammal      Summ           0%         N/A       80%         1
 Poisonous Vapours        Pois/Air       0%         N/A       91%         2
 Mephitic Cloud           Conj/Pois/Air  0%         N/A       99%         3
 Freezing Cloud           Conj/Ice/Air   0%         6-21      100%        5


Dungeon Overview and Level Annotations

Branches:
Dungeon (5/15)             Temple (1/1) D:4

Altars:
Fedhas
Gozag
Hepliaklqana
Kikubaaqudgha
Makhleb
Nemelex Xobeh
Okawaru
Sif Muna
Trog
Vehumet
Wu Jian
Xom
Yredelemnul
The Shining One


Message History

The orc hits your scorpion zombie but does no damage.
The iguana completely misses you. The orc hits you but does no damage.
The orc priest shouts, "Surrender to Beogh and we'll let you live!"
You barely miss the orc.
The orc is severely wounded.
You hit the orc priest but do no damage.
You barely miss the iguana.
You feel sick.
Your hound zombie barely misses the iguana.
Your scorpion zombie hits the orc priest but does no damage.
You block the orc priest's attack.
The orc hits your scorpion zombie but does no damage.
You block the iguana's attack. The orc hits you but does no damage.
You slash the orc!
You kill the orc!
You slash the orc priest! You hit the iguana.
You feel sick.
Your hound zombie bites the iguana.
Your hound zombie bites the iguana but does no damage.
Your scorpion zombie hits the orc priest but does no damage.
You block the iguana's attack.
The orc priest hits you with a +0 falchion.
* * * LOW HITPOINT WARNING * * *
The orc hits your scorpion zombie with a +0 hand axe.
You feel sick.
Your hound zombie barely misses the iguana.
Your scorpion zombie closely misses the orc priest.
Things that are here:
a +0 club; a +0 leather armour You feel sick.
Your scorpion zombie barely misses the orc.
The orc priest hits you with a +0 falchion.
* * * LOW HITPOINT WARNING * * *
You barely miss the orc. You closely miss the orc priest.
You barely miss the iguana.
You feel sick.
Your hound zombie bites the orc.
The orc priest looks satisfied for a moment.
The orc closely misses your hound zombie.
The orc closely misses you.
The orc hits your scorpion zombie with a +0 hand axe.
The iguana bites you!
You die...
Your body rises from the dead as a mindless zombie.

. ... ...# ... #
#...## ..# .###
#....##.##...
#..........##
#..#.#.#..##.#
#####....<).......
#.......oZ.).#...
.......@oZ.)..#
........l.........
...............#..
.............[.# .
................(
...............###
...............#
...............#


You could see an iguana, an orc priest (ally target), an orc (distracted, ally
target), a friendly hound zombie and a friendly scorpion zombie.

Vanquished Creatures
  The ghost of Irreverend the Digger, an amateur GrEE (D:4)
  An ice beast (D:4)
  A sky beast (D:4)
  2 scorpions
  A hound (D:5)
  6 adders
  2 worms
  2 dart slugs
  10 orcs
  6 ball pythons
  8 endoplasms
  3 giant cockroaches
  6 goblins
  8 hobgoblins
  4 quokkas
  6 bats
  2 frilled lizards (D:2)
  6 kobolds
  2 rats
77 creatures vanquished.

Vanquished Creatures (collateral kills)
  A goblin (D:4)
1 creature vanquished.

Vanquished Creatures (others)
  An adder zombie (D:4)
  A goblin zombie (D:4)
  2 orc zombies (D:5)
4 creatures vanquished.

Grand Total: 82 creatures vanquished

Notes
Turn   | Place    | Note
-------+----------+-------------------------------------------
     0 | D:1      | 7w4c the Hill Orc Fighter began the quest for the Orb.
     0 | D:1      | Reached XP level 1. HP: 19/19 MP: 1/1
   231 | D:1      | Reached XP level 2. HP: 27/27 MP: 2/2
   279 | D:1      | Reached skill level 3 in Axes
  1003 | D:2      | Reached XP level 3. HP: 33/33 MP: 3/3
  1700 | D:2      | Found a burning altar of Makhleb.
  3055 | D:3      | Reached XP level 4. HP: 39/40 MP: 4/4
  3239 | D:3      | Reached skill level 4 in Axes
  3614 | D:3      | Found a faded altar of an unknown god.
  3656 | D:3      | Prayed at the altar of an unknown god.
  3656 | D:3      | Became a worshipper of Yredelemnul the Dark
  3656 | D:3      | Reached * piety under Yredelemnul
  3906 | D:4      | Found an ancient bone altar of Kikubaaqudgha.
  3980 | D:4      | Reached XP level 5. HP: 47/47 MP: 5/5
  4012 | D:4      | Reached skill level 5 in Axes
  4012 | D:4      | Reached skill level 1 in Dodging
  4023 | D:4      | Noticed an ice beast
  4046 | D:4      | Killed an ice beast
  4047 | D:4      | Reached XP level 6. HP: 35/53 MP: 6/6
  4145 | D:4      | Found an opulent altar of Gozag.
  4247 | D:4      | Reached ** piety under Yredelemnul
  4424 | D:4      | Found a staircase to the Ecumenical Temple.
  4448 | Temple   | Entered the Ecumenical Temple
  4776 | D:4      | Found a runed translucent door.
  4776 | D:4      | Noticed Irreverend's ghost (amateur GrEE)
  4776 | D:4      | Noticed a sky beast
  4791 | D:4      | Killed a sky beast
  4792 | D:4      | Reached skill level 6 in Axes
  4802 | D:4      | Killed Irreverend's ghost
  4803 | D:4      | Reached skill level 1 in Stealth
  4803 | D:4      | Reached XP level 7. HP: 43/60 MP: 7/7
  4871 | D:5      | Entered Level 5 of the Dungeon
  4889 | D:5      | Reached skill level 7 in Axes
  4894 | D:5      | Slain by an iguana

Illustrated notes

Levels and vault maps discovered:
D:1:      eino_arrival_druids_welcome, layout_loops_ring, serial_bayou_lagoon_a
D:2:      layout_loops_corners, basic_altar
D:3:      minmay_skewed_foursquare, layout_rooms,
          nicolae_ru_the_path_less_chosen, serial_shops, shop,
          nicolae_ecumenical_lake_church, minivault_26
D:4:      layout_basic, lemuel_crystal_altar,
          mainiacjoe_overflow_small_starburst,
          minmay_temple_entry_drinking_statues, ebering_ghost_inner_flame,
          kennysheep_flooded_box, abandoned_shop
D:5:      layout_rooms, serial_shops, shop, minmay_bent
Temple:   chequers_temple_sunken

Skill      XL: |  1  2  3  4  5  6  7 |
---------------+----------------------+-----
Axes           | 3 4 5 6 7 |  7.1
Fighting       | 4 |  4.9
Armour         | 4 |  4.9
Dodging        | 1 |  1.5
Shields        | 4 |  4.2
Stealth        | 1 |  1.1

Action                     |  1- 3 |  4- 6 |  7- 9 || total
---------------------------+-------+-------+-------++-------
  Melee: War axe           |   122 |   123 |    17 ||   262
    Use: Potion            |     2 |     1 |       ||     3
         Scroll            |       |     3 |       ||     3
   Stab: Distracted        |       |     2 |       ||     2
 Armour: Scale mail        |    83 |   101 |    17 ||   201
  Dodge: Dodged            |    58 |    80 |    24 ||   162
  Block: Buckler           |    28 |    42 |    14 ||    84

Table legend: (Time is in decaauts)
 A = Elapsed time spent in this place.
 B = Non-inter-level travel time spent in this place.
 C = Inter-level travel time spent in this place.
 D = Time resting spent in this place.
 E = Time spent auto-exploring this place.
 F = Levels seen in this place.
 G = Mean time per level.
                   A        B        C        D        E       F      G
               +--------+--------+--------+--------+--------+-----+--------+
         Total |   5021 |   5021 |      0 |      0 |      0 |   6 |  836.8 |
       Dungeon |   4934 |   4934 |      0 |      0 |      0 |   5 |  986.8 |
        Temple |     86 |     86 |      0 |      0 |      0 |   1 |   86.0 |
               +--------+--------+--------+--------+--------+-----+--------+

Top non-repeatable levels by time:
     D:2: 2013 daAuts
     D:4: 1105 daAuts
     D:1: 1035 daAuts
     D:3: 754 daAuts
  Temple: 86 daAuts
     D:5: 26 daAuts
